 Dungeon Crawl Stone Soup version 0.27.1-4-g1640c2035a (webtiles) character file.

Game seed: 8623928395906881581

287 Stomo444 the Shield-Bearer (level 6, -5/32 HPs)
             Began as a Vine Stalker Fighter on Nov 16, 2021.
             Succumbed to a kobold brigand's curare-tipped dart
             ... on level 4 of the Dungeon.
             The game lasted 00:04:05 (3337 turns).

Stomo444 the Shield-Bearer (Vine Stalker Fighter)   Turns: 3337, Time: 00:04:05

Health: -5/32      AC:  6    Str: 21    XL:     6   Next: 30%
Magic:  0/7        EV:  8    Int: 12    God:
Gold:   184        SH:  9    Dex: 13    Spells: 5/5 levels left

rFire    . . .     SeeInvis .   a - +0 flail
rCold    . . .     Faith    .   c - +0 kite shield
rNeg     . . .     Spirit   +   b - +0 scale mail
rPois    .         Reflect  .   (no helmet)
rElec    .         Harm     .   (no cloak)
rCorr    .         Rampage  .   (no gloves)
Will     .....                  (no boots)
Stlth    ..........             (no amulet)
HPRegen  1.10/turn              f - +6 ring of intelligence
MPRegen  0.10/turn              (no ring)

@: lethally poisoned (-5 -> -17), slowed, very slow
A: fangs 2, regeneration 1, magic shield, antimagic bite, no potion heal 2,
dopey 1
a: no special abilities


You were on level 4 of the Dungeon.
You visited 1 branch of the dungeon, and saw 4 of its levels.

You collected 184 gold pieces.

Inventory:

Hand Weapons
 a - a +0 flail (weapon)
Armour
 b - a +0 scale mail (worn)
 c - a +0 kite shield (worn)
Jewellery
 f - a +6 ring of intelligence (left hand)
Scrolls
 i - a scroll of summoning {unknown}
 j - a scroll of enchant armour {unknown}
 l - a scroll of fear {unknown}
 m - a scroll of identify {unknown}
Potions
 d - 4 potions of might
 g - a potion of resistance {unknown}
 h - a potion of haste {unknown}
 k - 3 potions of lignification {unknown}
 n - a potion of invisibility {unknown}
 o - a potion of heal wounds {unknown}
 p - a potion of curing {unknown}
 q - 2 potions of cancellation {unknown}


   Skills:
 + Level 3.6 Fighting
 + Level 3.0 Maces & Flails
 + Level 3.3 Armour
 + Level 1.9 Dodging
 + Level 3.6 Shields


You had 5 spell levels left.
You didn't know any spells.
Your spell library was empty.

Dungeon Overview and Level Annotations

Branches:
Dungeon (4/15)
 Temple: D:4-7

Altars:
Vehumet


Innate Abilities, Weirdness & Mutations

You have extremely sharp teeth.
Your natural rate of healing is unusually fast.
When hurt, damage is shared between your health and your magic reserves.
Your bite disrupts and absorbs the magic of your enemies.
Potions cannot restore your health.
You are dopey. (Int -2)


Message History

You are frozen.
The kobold brigand closely misses you. The endoplasm barely misses you.
The kobold brigand throws a curare-tipped dart.
The curare-tipped dart barely misses you.
You hit the endoplasm. You bite the endoplasm.
You kill the endoplasm!
The kobold brigand throws a curare-tipped dart.
The curare-tipped dart hits you.
You are poisoned.
You have difficulty breathing.
You feel yourself slow down.
You hit the hound skeleton.
The hound skeleton is lightly damaged.
You feel very sick. You block the hound skeleton's attack.
The kobold brigand hits you with a +0 club.
You thump the kobold brigand! Your bite misses the kobold brigand.
The kobold brigand is moderately wounded.
You feel sick. The kobold brigand barely misses you.
You block the kobold brigand's attack.
You feel sick. You block the kobold brigand's attack.
You feel sick.
You are no longer poisoned.
The kobold brigand hits you with a +0 club.
The kobold brigand throws a curare-tipped dart.
The curare-tipped dart hits you.
You are poisoned.
You have difficulty breathing.
* * * LOW HITPOINT WARNING * * *
You feel as though you will be slow longer.
You feel very sick.
The kobold brigand throws a curare-tipped dart.
The curare-tipped dart hits you.
You are lethally poisoned!
You have difficulty breathing.
* * * LOW HITPOINT WARNING * * *
You feel as though you will be slow longer.
Okay, then.
It was a potion of mutation.
You feel extremely strange.
You feel stupid.
You die...

..... ..>#......
....##......#.. .#
..............# #.# #.#
.....?......#.# #.###.##
.....#......#.# #.......
...<.#......#.# #.##..#
............#Z####.##..#
...#.#........K........#
.#.#.#.#....#.##@#†##..###
#....#..#...#.##..<.†....###.#
#....#......#.##.#.###........
#....#..#.#....#>#....####.#.#
...#.#. #.# #..#.####.# #
####.# # #..#.# #.# # .# ..
#.# #.# .# #.# #.# #. #.#


You could see a kobold brigand and a hound skeleton.

Vanquished Creatures
  A phantom (D:3)
  A jelly (D:3)
  Natasha (thrice) (D:3)
  Terence (D:2)
  3 adders
  A worm (D:2)
  A dart slug (D:1)
  A ball python (D:2)
  8 endoplasms
  2 giant cockroaches
  2 goblins
  4 hobgoblins
  7 jackals
  3 quokkas
  7 bats
  2 frilled lizards
  5 kobolds
  4 rats
56 creatures vanquished.

Notes
Turn   | Place    | Note
-------+----------+-------------------------------------------
     0 | D:1      | Stomo444 the Vine Stalker Fighter began the quest for the
                  | Orb.
     0 | D:1      | Reached XP level 1. HP: 11/11 MP: 2/2
   236 | D:1      | Reached XP level 2. HP: 12/16 MP: 3/3
   936 | D:1      | Reached XP level 3. HP: 19/19 MP: 4/4
  1221 | D:2      | Found a radiant altar of Vehumet.
  1227 | D:2      | Noticed Terence
  1248 | D:2      | You fall into a shaft and drop 2 floors!
  1490 | D:4      | Noticed a kobold brigand
  1768 | D:3      | Noticed a phantom
  1822 | D:2      | Reached skill level 1 in Dodging
  1980 | D:2      | Gained mutation: Your natural rate of healing is unusually
                  | fast. [Vine Stalker growth]
  1980 | D:2      | Reached XP level 4. HP: 24/24 MP: 5/5
  2095 | D:2      | Killed Terence
  2566 | D:3      | Noticed Natasha
  2577 | D:3      | Killed Natasha
  2578 | D:3      | Reached XP level 5. HP: 28/28 MP: 6/6
  2865 | D:3      | Noticed Natasha
  2884 | D:3      | Killed a phantom
  2885 | D:3      | Reached XP level 6. HP: 29/32 MP: 7/7
  2887 | D:3      | Killed Natasha
  2913 | D:3      | Noticed Natasha
  2933 | D:3      | Killed Natasha
  3336 | D:4      | HP: 1/32 [asphyx]
  3337 | D:4      | Gained mutation: You are dopey. (Int -2) [potion of
                  | mutation]
  3337 | D:4      | Succumbed to a kobold brigand's curare-tipped dart

Illustrated notes

Levels and vault maps discovered:
D:1:      nzn_arrival_depleted_hourglass, layout_basic
D:2:      layout_basic, basic_altar, serial_rivers,
          chequers_serial_rivers_small_b, chequers_serial_rivers_small_3,
          chequers_serial_rivers_room_b, chequers_serial_rivers_small_3,
          chequers_serial_rivers_large_a, minmay_unequal, uniq_terence
D:3:      layout_basic, portal_sewer_entry_d, uniq_natasha
D:4:      layout_basic, uniq_ijyb

Skill      XL: |  1  2  3  4  5  6 |
---------------+-------------------+-----
Maces & Flails | 2 3 |  3.0
Fighting       | 3 |  3.6
Shields        | 3 |  3.6
Dodging        | 1 |  1.9
Armour         | 3 |  3.3

Action                   |  1- 3 |  4- 6 || total
-------------------------+-------+-------++-------
Melee: Flail             |   109 |   111 ||   220
       Bite              |    24 |    36 ||    60
  Use: Potion            |       |     1 ||     1
Armor: Scale mail        |    64 |    28 ||    92
Dodge: Dodged            |    30 |    34 ||    64
Block: Kite shield       |    76 |    52 ||   128
